 Dungeon Crawl Stone Soup version 0.29-a0-1052-g6990b1bffc (webtiles) character file.

Game seed: 1300413080119345084

3681 Newt the Chucker (level 9, -1/69 HPs)
             Began as a Demonspawn Gladiator on Aug 17, 2022.
             Was an Elder of Okawaru.
             Slain by a water moccasin (4 damage)
             ... on level 7 of the Dungeon.
             The game lasted 00:27:10 (9519 turns).

Newt the Chucker (Demonspawn Gladiator)             Turns: 9519, Time: 00:27:11

Health: -1/69      AC:  8    Str: 19    XL:     9   Next: 90%
Magic:  0/9        EV: 12    Int: 15    God:    Okawaru [****..]
Gold:   337        SH:  0    Dex: 15    Spells: 8/8 levels left

rFire   . . .      SeeInvis .   a - +0 broad axe
rCold   . . .      Faith    .   (no shield)
rNeg    . . .      Spirit   +   q - +0 troll leather armour
rPois   .          Reflect  .   c - +0 helmet
rElec   .          Harm     .   s - +1 cloak
rCorr   .          Rampage  .   (no gloves)
Will    .....                   (no boots)
Stlth   ++........              j - amulet of guardian spirit
HPRegen 1.01/turn               A - +6 ring of intelligence
MPRegen 0.22/turn               P - ring of flight

@: lethally poisoned (-1 -> -7), flying
A: powered by death 1, magic regeneration, weakness stinger 2
a: Renounce Religion, Heroism, Finesse


You were on level 7 of the Dungeon.
You worshipped Okawaru.
Okawaru was greatly pleased with you.
You visited 2 branches of the dungeon, and saw 8 of its levels.
You also visited: Bailey.

You collected 337 gold pieces.

Inventory:

Hand Weapons
 a - a +0 broad axe (weapon)
 b - a +0 sling
 o - a +0 long sword
 p - a +0 rapier
 y - a +2 dagger of protection
Missiles
 d - 2 throwing nets
 e - 2 javelins
 f - 18 boomerangs (quivered)
 h - 66 stones
 E - 5 poisoned darts
 Q - 12 boomerangs of dispersal
Armour
 c - a +0 helmet (worn)
 l - an orb of guile
 n - a +0 ring mail
 q - a +0 troll leather armour (worn)
 s - a +1 cloak (worn)
 B - a +0 leather armour
 C - a +0 pair of gloves
Jewellery
 j - an amulet of guardian spirit (around neck)
 A - a +6 ring of intelligence (left hand)
 P - a ring of flight (right hand)
Wands
 r - a wand of flame (14)
 M - a wand of roots (10)
 N - a wand of paralysis (4)
 R - a wand of digging (6)
Scrolls
 m - a scroll of silence
 v - a scroll of enchant armour
 z - 2 scrolls of fear
 H - a scroll of blinking {unknown}
 I - 2 scrolls of poison {unknown}
 K - a scroll of vulnerability {unknown}
 O - a scroll of torment
 S - a scroll of teleportation {unknown}
 T - a scroll of enchant weapon {unknown}
Potions
 g - 3 potions of resistance
 i - 4 potions of curing
 k - a potion of heal wounds {unknown}
 t - 2 potions of lignification
 u - a potion of might
 w - 4 potions of flight
 x - a potion of magic {unknown}
 D - a potion of haste {unknown}
 F - a potion of brilliance {unknown}
 G - a potion of invisibility {unknown}
 J - a potion of degeneration {unknown}
 L - a potion of ambrosia


   Skills:
 - Level 6.0 Fighting
 - Level 3.0 Short Blades
 - Level 6.0 Axes
 - Level 1.3 Ranged Weapons
 + Level 7.5 Throwing
 - Level 4.0 Armour
 - Level 3.1 Dodging
 - Level 2.0 Stealth
 - Level 5.0 Evocations


You had 8 spell levels left.
You didn't know any spells.
Your spell library contained the following spells:

 Spells                   Type           Power      Damage    Failure   Level
 Beastly Appendage        Tmut           0%         N/A       30%         1
 Wereblood                Tmut           0%         N/A       43%         2
 Frozen Ramparts          Ice            0%         1d1       67%         3
 Spider Form              Tmut/Pois      0%         N/A       67%         3
 Ice Form                 Ice/Tmut       0%         N/A       97%         4
 Summon Ice Beast         Ice/Summ       Unusable   N/A       N/A         4

Dungeon Overview and Level Annotations

Branches:
Dungeon (7/15)             Temple (1/1) D:4          Bailey (visited)

Altars:
Ashenzari
Cheibriados
Dithmenos
Fedhas
Gozag
Hepliaklqana
Kikubaaqudgha
Makhleb
Nemelex Xobeh
Okawaru
Qazlal
Ru
Sif Muna
Trog
Vehumet
Xom
Yredelemnul


Innate Abilities, Weirdness & Mutations

You regenerate a little health from kills.
You regenerate magic rapidly.
You have a tail ending in a sharp stinger.


Message History

Unknown command.
You miss the water moccasin. You punch the water moccasin.
The water moccasin is severely wounded.
The water moccasin closely misses you. The water moccasin barely misses you.
Unknown command.
Throw: 18 boomerangs
Press: ? - help, Q - select action, (/) - cycle Shift-Dir - straight line, f - water moccasin
Aim: a water moccasin (severely wounded, 50% to hit)
You throw a boomerang.
The boomerang closely misses the water moccasin.
The water moccasin closely misses you.
Throw: 18 boomerangs
Press: ? - help, Q - select action, (/) - cycle Shift-Dir - straight line, f/p - water moccasin
Aim: a water moccasin (severely wounded, 50% to hit)
You throw a boomerang.
The boomerang barely misses the water moccasin.
The water moccasin bites you.
* * * LOW HITPOINT WARNING * * *
Throw: 18 boomerangs
Press: ? - help, Q - select action, (/) - cycle Shift-Dir - straight line, f/p - water moccasin
Aim: a water moccasin (severely wounded, 50% to hit)
You throw a boomerang.
The boomerang closely misses the water moccasin.
The water moccasin bites you.
* * * LOW HITPOINT WARNING * * *
The water moccasin bites you.
* * * LOW HITPOINT WARNING * * *
You are poisoned.
The water moccasin poisons you!
Throw: 3 javelins
Press: ? - help, Shift-Dir - straight line, f/p - water moccasin
Aim: a water moccasin (severely wounded, 50% to hit)
You throw a javelin.
The javelin barely misses the water moccasin.
* * * LOW HITPOINT WARNING * * *
You feel very sick. The water moccasin bites you!
* * * LOW HITPOINT WARNING * * *
The water moccasin bites you.
You die...

,,,* *>,,,,,,,,,,,**
###,,,,,,,* ****
*******,***,,,**#.+,,,,,,,*
*,***,*,,*#.#,,,,,,,*
*,,,,,**,,..#,,,,,,,*
**************####.#******,*
*,*,,*,,*,,,###..#.# *,*
*,**,**,,,###......### *,*
*,,*,,,,###......#...# *,*
**,,,,**#(.S@..#+#.#.# *,*
*,,,**#......###,#.#.# *,*
*,***......###,,,#.#.## *,*
*+*,,....##*,,,**#....# *,##
*,,,,..#**,,,***,###..##
*,#. **,,,.,,**,,**,,,*
#...###,#.
***,,,,,,**,,,,***
#.#...#...
*,**,,,,,,**,,**,*
#.###.####
*,,**,,,,,,**,,,,*
#.........


You could see a water moccasin.

Vanquished Creatures
  An orc knight (Bailey)
  Grinder (D:6)
  A wyvern (D:5)
  2 steam dragons
  2 sky beasts
  8 orc warriors (Bailey)
  A black bear (D:4)
  An ice beast (D:6)
  3 ogres
  2 phantoms
  2 centaurs (D:6)
  A kobold brigand (D:6)
  A bullfrog (D:7)
  3 scorpions
  2 vampire bats (D:3)
  An orc priest (D:5)
  A gnoll bouda (D:6)
  4 hounds
  A jelly (D:6)
  3 iguanas
  8 gnolls
  6 adders
  A shadow imp (D:6)
  2 white imps
  4 worms
  2 dart slugs
  23 orcs
  8 bats
  3 bat skeletons (D:3)
  3 bat zombies (D:3)
  6 endoplasms
  5 giant cockroaches
  10 goblins
  9 hobgoblins
  10 jackals
  29 kobolds
  3 quokkas
  5 ball pythons
  3 frilled lizards
  8 rats
189 creatures vanquished.

Vanquished Creatures (others)
  An angel (D:5)
1 creature vanquished.

Grand Total: 190 creatures vanquished

Notes
Turn   | Place    | Note
-------+----------+-------------------------------------------
     0 | D:1      | Newt the Demonspawn Gladiator began the quest for the Orb.
     0 | D:1      | Reached XP level 1. HP: 16/16 MP: 1/1
   147 | D:1      | Reached skill level 1 in Stealth
   232 | D:1      | Gained mutation: You regenerate a little health from kills.
                  | [demonic ancestry]
   232 | D:1      | Reached XP level 2. HP: 22/22 MP: 2/2
   975 | D:2      | Gained mutation: You have a small tail. [demonic ancestry]
   975 | D:2      | Reached XP level 3. HP: 28/28 MP: 3/3
  1640 | D:2      | Found a faded altar of an unknown god.
  1660 | D:2      | Gained mutation: You regenerate magic rapidly. [demonic
                  | ancestry]
  1660 | D:2      | Reached XP level 4. HP: 35/35 MP: 4/4
  2218 | D:3      | Found an iron altar of Okawaru.
  2357 | D:4      | Found a staircase to the Ecumenical Temple.
  2368 | Temple   | Entered the Ecumenical Temple
  2556 | D:4      | Noticed an ogre
  2574 | D:4      | Killed an ogre
  2575 | D:4      | Gained mutation: You have a tail ending in a sharp stinger.
                  | [demonic ancestry]
  2575 | D:4      | Reached XP level 5. HP: 29/42 MP: 3/5
  2868 | D:3      | Became a worshipper of Warmaster Okawaru
  3008 | D:3      | Found a broken altar of Ashenzari.
  3031 | D:3      | Found a large runed translucent door.
  3031 | D:3      | Found a large runed translucent door.
  3465 | D:3      | Found an ancient bone altar of Kikubaaqudgha.
  3475 | D:3      | Reached XP level 6. HP: 48/48 MP: 6/6
  3499 | D:3      | Reached skill level 2 in Throwing
  3741 | D:3      | Found an opulent altar of Gozag.
  3746 | D:3      | Found a stormy altar of Qazlal.
  3990 | D:4      | Reached skill level 3 in Throwing
  4238 | D:5      | Entered Level 5 of the Dungeon
  4248 | D:5      | Reached * piety under Okawaru
  4249 | D:5      | Reached XP level 7. HP: 36/54 MP: 4/7
  4251 | D:5      | Noticed a wyvern
  4496 | D:5      | Killed an angel
  4518 | D:5      | Reached skill level 4 in Throwing
  4812 | D:5      | Found a shimmering altar of Xom.
  4848 | D:5      | Killed a wyvern
  5137 | D:5      | Found a shimmering blue altar of Sif Muna.
  5170 | D:5      | Noticed a kobold demonologist
  5559 | D:5      | Noticed a smoke demon
  5981 | D:6      | Reached ** piety under Okawaru
  5982 | D:6      | Reached skill level 5 in Axes
  5982 | D:6      | Reached XP level 8. HP: 50/60 MP: 6/8
  6147 | D:6      | Reached skill level 1 in Evocations
  6504 | D:6      | Found a radiant altar of Vehumet.
  6771 | D:6      | Noticed Grinder
  6793 | D:6      | Killed Grinder
  6859 | D:6      | Reached *** piety under Okawaru
  6860 | D:6      | Reached skill level 5 in Evocations
  6918 | D:6      | HP: 2/61 [gnoll/+0 spear[a gnoll bouda] (4)]
  6928 | D:6      | Reached skill level 5 in Fighting
  6928 | D:6      | Reached XP level 9. HP: 7/68 MP: 2/9
  6928 | D:6      | HP: 4/102 [orc/+0 club (4)]
  7728 | D:7      | Found a flagged portal.
  7754 | Bailey   | Entered a bailey
  7760 | Bailey   | Noticed an orc knight
  8072 | Bailey   | HP: 3/69 [orc warrior/+0 war axe (16)]
  8838 | Bailey   | Reached skill level 1 in Ranged Weapons
  8979 | Bailey   | Killed an orc knight
  8979 | Bailey   | Reached **** piety under Okawaru
  8980 | Bailey   | Reached skill level 6 in Throwing
  9358 | D:7      | Reached skill level 7 in Throwing
  9519 | D:7      | HP: 3/69 [water moccasin (6)]
  9519 | D:7      | Slain by a water moccasin

Illustrated notes

Levels and vault maps discovered:
D:1:      matt_arrival_los_fun, layout_basic
D:2:      layout_basic, ebering_ecumenical_altar_box, minmay_crystal_room,
          grunt_ministairs_2, minmay_pentomino_s4
D:3:      layout_loops_corners, mainiacjoe_overflow_alcove_1,
          kennysheep_vampire_church, jmf_multi_god_temple2,
          nicolae_overflow_hidden_temple
D:4:      minmay_general_purpose_star, layout_rooms,
          minmay_temple_entry_glassed_door, minmay_quantized
D:5:      layout_basic, grunt_temple_overflow_order_and_chaos_1,
          mainiacjoe_overflow_surrounded_room, minmay_small_thing
D:6:      layout_loops_cross, vehumet_altar_wand_db, minmay_unpleasant_kobolds,
          uniq_grinder
D:7:      minmay_razor_zed, layout_basic, mainiacjoe_overflow_cross_hatched,
          enter_bailey_5
Temple:   nicolae_temple_ecumenical_triangle

Skill      XL: |  1  2  3  4  5  6  7  8  9 |
---------------+----------------------------+-----
Stealth        | 1 2 |  2.0
Short Blades   | 3 |  3.0
Fighting       | 3 4 5 6 |  6.0
Axes           | 2 3 4 5 6 |  6.0
Throwing       | 3 4 7 |  7.5
Armour         | 4 |  4.0
Evocations     | 5 |  5.0
Dodging        | 3 |  3.1
Ranged Weapons | 1 |  1.3

Action                   |  1- 3 |  4- 6 |  7- 9 || total
-------------------------+-------+-------+-------++-------
Melee: Rapier            |    89 |       |       ||    89
       Dagger            |    50 |   304 |   245 ||   599
       Tailslap          |     7 |    51 |    59 ||   117
       Punch             |     1 |     2 |     7 ||    10
       Broad axe         |       |       |   147 ||   147
 Fire: Sling             |       |       |   203 ||   203
Throw: Stone             |     8 |       |       ||     8
       Javelin           |       |     2 |     5 ||     7
       Dart              |       |     4 |    18 ||    22
       Throwing net      |       |       |     1 ||     1
       Boomerang         |       |       |    94 ||    94
Evoke: Wand              |       |       |     8 ||     8
  Use: Scroll            |       |     6 |     5 ||    11
       Potion            |       |     1 |     7 ||     8
 Stab: Sleeping          |     1 |       |       ||     1
Armor: Leather armour    |    22 |       |       ||    22
       Ring mail         |    19 |   162 |   187 ||   368
       Skin              |       |       |    10 ||    10
       Troll leather arm |       |       |    19 ||    19
Dodge: Dodged            |    78 |   188 |   287 ||   553

Table legend: (Time is in decaauts)
 A = Elapsed time spent in this place.
 B = Non-inter-level travel time spent in this place.
 C = Inter-level travel time spent in this place.
 D = Time resting spent in this place.
 E = Time spent auto-exploring this place.
 F = Levels seen in this place.
 G = Mean time per level.
                   A        B        C        D        E       F      G
               +--------+--------+--------+--------+--------+-----+--------+
         Total |   9581 |   9297 |    284 |   3025 |   3057 |   9 | 1064.6 |
       Dungeon |   7923 |   7646 |    277 |   2273 |   2850 |   7 | 1131.9 |
        Temple |     43 |     36 |      7 |      0 |     31 |   1 |   43.0 |
        Bailey |   1614 |   1614 |      0 |    752 |    176 |   1 | 1614.0 |
               +--------+--------+--------+--------+--------+-----+--------+

Top non-repeatable levels by time:
     D:6: 1778 daAuts
  Bailey: 1614 daAuts
     D:4: 1348 daAuts
     D:5: 1295 daAuts
     D:2: 1155 daAuts
     D:3: 1058 daAuts
     D:1: 954 daAuts
     D:7: 332 daAuts
  Temple: 43 daAuts
